 Dungeon Crawl Stone Soup version 0.28.0 (webtiles) character file.

Game seed: 2231921707901340190

318 horus123 the Magician (level 6, -1/46 HPs)
             Began as a Djinni Cinder Acolyte on Feb 12, 2022.
             Was a High Priest of Ignis.
             Slain by Pikel (4 damage)
             ... on level 4 of the Dungeon.
             The game lasted 00:05:36 (4067 turns).

horus123 the Magician (Djinni Cinder Acolyte)       Turns: 4067, Time: 00:05:37

Health: -1/46      AC:  8    Str: 13    XL:     6   Next: 74%
Gold:   219        EV: 11    Int: 19    God:    Ignis [*****.] SH:  0 Dex: 11

rFire   + + +      SeeInvis .   e - +2 great sword (elec)
rCold   x . .      Faith    .   (shield currently unavailable)
rNeg    . . .      Spirit   .   h - +2 robe of Jiqionim {Int+4}
rPois   ∞          Reflect  .   i - +0 helmet
rElec   .          Harm     .   g - +2 cloak
rCorr   .          Rampage  .   (no gloves)
Will    .....                   (boots unavailable)
Stlth   +.........              (no amulet)
HPRegen 0.15/turn               (no ring)
MPRegen 0.00/turn               (no ring)

@: flying
A: sickness immunity, fire resistance 2, cold vulnerability 1, float, innate
caster, HP casting, extra vitality 1
a: Renounce Religion, Fiery Armour, Foxfire Swarm, Rising Flame


You were on level 4 of the Dungeon.
You worshipped Ignis.
Ignis was extremely pleased with you.
You visited 1 branch of the dungeon, and saw 4 of its levels.

You collected 219 gold pieces.

Inventory:

Hand Weapons
 e - a +2 great sword of electrocution (weapon)
Missiles
 n - 2 throwing nets
Armour
 b - a +0 robe
 g - a +2 cloak (worn)
 h - the +2 robe of Jiqionim (worn) {Int+4}
   (You found it on level 2 of the Dungeon)

   Int:       It affects your intelligence (+4).
 i - a +0 helmet (worn)
Wands
 p - a wand of acid (9)
Scrolls
 f - 2 scrolls of teleportation
 j - a scroll of blinking
 k - a scroll of identify {unknown}
 l - a scroll of torment {unknown}
Potions
 a - a potion of flight {unknown}
 c - a potion of degeneration {unknown}
 d - 2 potions of resistance {unknown}
 m - a potion of might {unknown}
 o - a potion of invisibility {unknown}


   Skills:
 - Level 3.0 Fighting
 - Level 4.0 Long Blades
 + Level 4.8 Spellcasting


You had 9 spell levels left.
You knew the following spells:

 Your Spells              Type           Power      Damage    Failure   Level
a - Scorch                Fire           44%        2d7       2%          2
b - Slow                  Hex            88%        N/A       1%          1
c - Poisonous Vapours     Pois/Air       44%        N/A       2%          2
Your spell library was empty.

Dungeon Overview and Level Annotations

Branches:
Dungeon (4/15)
 Temple: D:4-7

Altars:
The Shining One

Annotations:
D:4 Pikel


Innate Abilities, Weirdness & Mutations

You are immune to sickness and miasma.
You are immune to poison.
Your flesh is very heat resistant. (rF++)
You are vulnerable to cold. (rC-)
You float through the air rather than walking.
You learn spells naturally, not from books.
Your magical power is your life essence.
You have superior vitality. (+4 MHP)


Message History

Pikel is heavily wounded.
Pikel zaps a wand.
The puff of flame misses you.
Pikel hits you with a +1 whip of freezing.
Pikel freezes you.
You barely miss Pikel.
Pikel is heavily wounded.
Pikel barely misses you.
You miss Pikel.
Pikel is heavily wounded.
Pikel hits you with a +1 whip of freezing.
Pikel freezes you.
Pikel zaps a wand.
The puff of flame hits you but does no damage.
You resist.
You closely miss Pikel.
Pikel is heavily wounded.
Pikel hits you but does no damage.
You slash Pikel!
Pikel is almost dead.
Pikel zaps a wand.
The puff of flame hits you. You resist. Pikel barely misses you.
You closely miss Pikel.
Pikel is almost dead.
Pikel hits you but does no damage.
You barely miss Pikel.
Pikel is almost dead.
Pikel zaps a wand.
The puff of flame misses you.
Pikel hits you with a +1 whip of freezing.
Pikel freezes you.
* * * LOW HITPOINT WARNING * * *
You hit Pikel.
Pikel is almost dead.
Pikel completely misses you.
You closely miss Pikel.
Pikel is almost dead.
Pikel zaps a wand.
The puff of flame hits you. You resist.
* * * LOW HITPOINT WARNING * * *
Pikel hits you with a +1 whip of freezing!
* * * LOW HITPOINT WARNING * * *
Pikel freezes you.
You die...

##........
...#....##......
:.###...#.
##.#..†(###..... ..#
...#.
................
..### #.#..
#.##.#.####.####
....# .# #. #........
#.# ..### . #.
#..#.#..###.#### .†#
#. #..#.#........).
#.#
#..###5.#.#.####.####
#.# #...@K55....# #.#
#.# #...####5....#
#.# #.# #... #.....#
#.# #.# #...
...5##### ..# #.. ...
......# ..# ### ..
#......# #.# .
##.....# #.....#
#.....


You could see Pikel and 4 lemures.

Vanquished Creatures
  A hound (D:4)
  A gnoll shaman (D:4)
  Ijyb (D:4)
  An orc wizard (D:3)
  5 adders
  9 gnolls (D:4)
  A worm (D:3)
  2 dart slugs
  4 orcs
  3 ball pythons
  6 bats
  7 endoplasms
  5 giant cockroaches
  4 goblins
  6 hobgoblins
  A quokka (D:4)
  2 frilled lizards (D:1)
  9 kobolds
  6 rats
74 creatures vanquished.

Vanquished Creatures (others)
  An endoplasm (D:4)
  13 foxfires (D:4)
14 creatures vanquished.

Grand Total: 88 creatures vanquished

Notes
Turn   | Place    | Note
-------+----------+-------------------------------------------
     0 | D:1      | horus123 the Djinni Cinder Acolyte began the quest for the
                  | Orb.
     0 | D:1      | Reached XP level 1. HP: 20/20 MP: 0/0
   351 | D:1      | Found a faded altar of an unknown god.
   405 | D:1      | Reached XP level 2. HP: 15/25 MP: 0/0
   824 | D:1      | Identified a scroll of acquirement
   824 | D:1      | Acquired a +2 great sword of electrocution
  1145 | D:1      | Reached XP level 3. HP: 30/30 MP: 0/0
  1145 | D:1      | Learned a level 1 spell: Slow
  1381 | D:2      | Identified the +2 robe of Jiqionim {Int+4}
  2067 | D:2      | Reached XP level 4. HP: 32/35 MP: 0/0
  2738 | D:3      | Reached XP level 5. HP: 36/40 MP: 0/0
  2738 | D:3      | Learned a level 2 spell: Poisonous Vapours
  3257 | D:4      | HP: 2/40 [gnoll (4)]
  3506 | D:4      | Reached XP level 6. HP: 43/46 MP: 0/0
  3556 | D:4      | Found a glowing golden altar of the Shining One.
  3566 | D:4      | Noticed Ijyb
  3572 | D:4      | Killed Ijyb
  4047 | D:4      | Noticed Pikel
  4067 | D:4      | Slain by Pikel

Illustrated notes

Levels and vault maps discovered:
D:1:      lightli_iron_boxes, layout_basic,
          hellmonk_ecumenical_altar_leap_of_faith, feat_on_display
D:2:      layout_basic, chequers_hall_statues_y, minmay_surrounded
D:3:      layout_basic, serial_bayou_pond_c, chequers_jeans,
          minmay_statues_item, grunt_ministairs_15
D:4:      layout_basic, kennysheep_little_box, nicolae_tso_carved_into_rock,
          nzn_wu_jian_council_hall, uniq_ijyb, uniq_pikel

Skill      XL: |  1  2  3  4  5 |
---------------+----------------+-----
Spellcasting   | 3 4 |  4.8
Long Blades    | 3 4 |  4.0
Fighting       | |  3.0

Action                   |  1- 3 |  4- 6 || total
-------------------------+-------+-------++-------
Melee: Falchion          |    29 |       ||    29
       Great sword       |    57 |   120 ||   177
 Cast: Scorch            |     1 |     6 ||     7
Invok: Foxfire Swarm     |       |     1 ||     1
  Use: Scroll            |     3 |     1 ||     4
       Potion            |       |     3 ||     3
 Stab: Sleeping          |     1 |       ||     1
Armor: Robe              |    46 |    71 ||   117
Dodge: Dodged            |    67 |    96 ||   163
